 Dungeon Crawl Stone Soup version 0.23.2 (webtiles) character file.

Game seed: 10663574534640766826

33 Menchi the Sneak (level 3, 0/22 HPs)
             Began as a Kobold Assassin on Apr 11, 2019.
             Slain by an adder (5 damage)
             ... on level 2 of the Dungeon.
             The game lasted 00:01:56 (1361 turns).

Menchi the Sneak (Kobold Assassin)                  Turns: 1361, Time: 00:01:56

Health: 0/22       AC:  3    Str:  8    XL:     3   Next: 47%
Magic:  3/3        EV: 14    Int: 12    God:
Gold:   93         SH:  0    Dex: 17    Spells: 2/2 levels left

rFire    . . .     SeeInvis .   a - +2 dagger
rCold    . . .     Gourm    .   (shield restricted)
rNeg     . . .     Faith    .   c - +0 robe
rPois    .         Spirit   .   (no helmet)
rElec    .         Reflect  .   d - +0 cloak
rCorr    .         Harm     .   (no gloves)
MR       .....                  (no boots)
Stlth    +++.......             h - amulet of the acrobat
HPRegen  0.07/turn              (no ring)
MPRegen  0.08/turn              (no ring)

@: lethally poisoned (0 -> -2)
A: small, carnivore
a: no special abilities


You were on level 2 of the Dungeon.
You were completely stuffed.

You visited 1 branch of the dungeon, and saw 2 of its levels.

You collected 93 gold pieces.

Inventory:

Hand Weapons
 a - a +2 dagger (weapon)
 b - a +0 blowgun
Missiles
 e - 37 poisoned needles
 f - 2 curare-tipped needles
Armour
 c - a +0 robe (worn)
 d - a +0 cloak (worn)
Jewellery
 h - an amulet of the acrobat (around neck)
Scrolls
 j - 3 scrolls of identify {unknown}
 m - a scroll of noise {unknown}
 n - 3 scrolls of remove curse {unknown}
 o - a scroll of blinking {unknown}
 r - a scroll of fog {unknown}
Potions
 i - a potion of mutation {unknown}
 k - a potion of flight {unknown}
 l - a potion of haste {unknown}
 p - a potion of curing {unknown}
 q - 2 potions of resistance {unknown}
 t - a potion of berserk rage {unknown}
Comestibles
 g - 3 rations
 s - 5 chunks of flesh


   Skills:
 + Level 2.4 Fighting
 + Level 3.0 Short Blades
 - Level 2.1 Throwing
 * Level 1.6 Dodging
 * Level 6.4 Stealth


You had 2 spell levels left.
You didn't know any spells.
Your spell library was empty.

Dungeon Overview and Level Annotations

Branches:
Dungeon (2/15)

Altars:


Innate Abilities, Weirdness & Mutations

You are small and have problems with some larger weapons.
You are carnivorous and can eat meat at any time.


Message History

The adder bites you.
You hit the adder.
The adder is severely wounded.
The adder bites you.
You are too injured to fight recklessly!
You are too injured to fight recklessly!
You are too injured to fight recklessly!
You miss the adder.
The adder is severely wounded.
The adder bites you.
* * * LOW HITPOINT WARNING * * *
You are poisoned.
The adder poisons you!
You hit the adder.
The adder is almost dead.
You feel sick. The adder bites you but does no damage.
You hit the adder but do no damage.
The adder is almost dead.
The adder bites you.
You die...

##.)...........#..#...#
#..............#.....(#
#............÷....#.#.#
#..............##...# ..
#...>..........##.### #.
#..............##.# ..
##...†....##.....$##### .#
#........#...........## .#
#...........#..@.#.##.<######.#
#..........###S..............<##
#.....(....##..#..####...##.....
#.................######....####
#..........#..##.............#
##........#..# #...##...÷....#
#.......##.# ##...#........# ..
#..>.........###
###............#


You could see an adder.

Vanquished Creatures
  A worm (D:2)
  A leopard gecko (D:2)
  3 hobgoblins (D:1)
  2 jackals (D:1)
  5 kobolds
  7 bats
  A frilled lizard (D:1)
  4 goblins (D:1)
  2 rats
26 creatures vanquished.

Notes
Turn   | Place    | Note
-------+----------+-------------------------------------------
     0 | D:1      | Menchi the Kobold Assassin began the quest for the Orb.
     0 | D:1      | Reached XP level 1. HP: 12/12 MP: 1/1
   140 | D:1      | Reached XP level 2. HP: 5/17 MP: 2/2
   719 | D:1      | Reached skill level 6 in Stealth
   966 | D:1      | Reached XP level 3. HP: 19/22 MP: 3/3
  1361 | D:2      | Slain by an adder

Skill      XL: |  1  2  3 |
---------------+----------+-----
Stealth        | 6 |  6.4
Short Blades   | 3 |  3.0
Fighting       | |  2.4
Throwing       | |  2.1
Dodging        | |  1.6

Action                   || total
-------------------------++-------
Melee: Dagger            ||    83
 Stab: Sleeping          ||    11
  Eat: Chunk             ||    10
Armor: Robe              ||    14
Dodge: Dodged            ||    54
